Map: Romanticide LE

Players

DPGZest (Zest)

  • Race: Protoss Protoss

DPGDark (Dark) - Winner!

  • Race: Zerg Zerg
  • League: Master

Event: TSL 7

VOD

Have the link to the VOD?

Description

Time

  • Played on: June 26, 2021, 1:15 p.m.
  • Length: 7:49

All games in this series

Show
View Real Time Build Order
Export as new Build Order

DPGZest Protoss 

Build Orders: 1 Gate Expand, Oracle Opening 

Get SALT Encoding   

  12  0:00  Probe  
  13  0:12  Probe  
  14  0:19  Pylon  
  14  0:24  Probe  
  15  0:37  Probe (Chrono Boost)  
  15  0:39  Gateway  
  16  0:47  Probe (Chrono Boost)  
  16  0:49  Assimilator  
  17  0:52  Probe (Chrono Boost)  
  18  1:04  Probe  
  19  1:16  Probe  
  20  1:25  Nexus  
  20  1:36  Cybernetics Core  
  20  1:39  Probe  
  21  1:45  Assimilator  
  21  1:51  Probe  
  22  1:54  Pylon  
  22  2:03  Probe (Chrono Boost)  
  23  2:12  Adept  
  23  2:14  Probe (Chrono Boost)  
  26  2:17  Stargate  
  26  2:19  Probe (Chrono Boost)  
  27  2:25  Warp Gate  
  27  2:32  Probe (Chrono Boost)  
  28  2:37  Probe (Chrono Boost)  
  28  2:43  Adept  
  32  2:47  Probe x2 (Chrono Boost)  
  33  2:52  Probe (Chrono Boost), Void Ray (Chrono Boost)  
  33  2:54  Probe  
  35  3:04  Probe  
  40  3:06  Probe  
  40  3:07  Pylon  
  41  3:16  Probe  
  41  3:18  Probe, Gateway  
  43  3:25  Oracle (Chrono Boost)  
  46  3:28  Probe  
  46  3:30  Probe  
  48  3:40  Probe  
  49  3:42  Probe  
  49  3:47  Nexus  
  50  3:50  Pylon  
  50  3:55  Probe x2  
  52  4:01  Assimilator  
  52  4:03  Assimilator  
  52  4:07  Probe x2 (Chrono Boost)  
  54  4:11  Stargate  
  54  4:19  Probe x2 (Chrono Boost), Protoss Air Weapons Level 1  
  54  4:20  Pylon  
  56  4:25  Probe x2 (Chrono Boost)  
  58  4:31  Pylon  
  58  4:32  Void Ray  
  58  4:34  Probe x2  
  64  4:40  Pylon  
  64  4:46  Probe x2  
  65  4:54  Adept x2  
  65  4:58  Probe (Chrono Boost)  
  65  4:59  Probe (Chrono Boost)  
  70  5:00  Probe (Chrono Boost)  
  70  5:09  Void Ray x2  
  70  5:10  Probe (Chrono Boost)  
  70  5:11  Probe (Chrono Boost)  
  73  5:15  Probe (Chrono Boost)  
  73  5:16  Probe x2 (Chrono Boost)  
  83  5:22  Probe  
  83  5:24  Probe  
  83  5:25  Probe  
  86  5:34  Probe  
  86  5:36  Probe  
  86  5:37  Probe  
  86  5:41  Shield Battery  
  84  5:43  Void Ray (Chrono Boost), Assimilator  
  84  5:44  Void Ray (Chrono Boost), Assimilator  
  84  5:46  Probe  
  84  5:48  Probe, Pylon  
  87  5:50  Probe  
  87  5:51  Forge  
  95  5:58  Probe  
  95  5:59  Pylon  
  95  6:00  Probe  
  95  6:01  Shield Battery  
  95  6:02  Probe  
  98  6:08  Adept x2  
  98  6:10  Probe  
  98  6:11  Void Ray x2 (Chrono Boost)  
  103  6:14  Shield Battery  
  103  6:16  Shield Battery  
  103  6:18  Pylon  
  111  6:25  Photon Cannon  
  111  6:28  Adept x2  
  111  6:31  Shield Battery  
  115  6:33  Photon Cannon  
  115  6:41  Void Ray x2  
  115  6:44  Probe x2  
  119  6:51  Adept x2  
  108  6:56  Probe x2  
  108  7:00  Probe  
  91  7:08  Probe x2  
  91  7:12  Probe, Adept  
  91  7:13  Adept  
  94  7:20  Probe x2  
  93  7:24  Probe  
Show
View Real Time Build Order
Export as new Build Order

DPGDark Zerg - Winner!

Build Orders: Hatch First 

Get SALT Encoding   

  12  0:00  Drone  
  13  0:12  Overlord  
  13  0:16  Drone  
  14  0:30  Drone  
  14  0:31  Drone  
  16  0:39  Drone  
  17  0:48  Drone  
  18  0:54  Hatchery  
  17  1:00  Drone  
  17  1:02  Extractor  
  17  1:13  Spawning Pool  
  17  1:17  Drone  
  17  1:18  Drone  
  18  1:30  Drone  
  19  1:39  Drone  
  20  1:50  Hatchery  
  20  1:54  Drone  
  20  2:01  Drone  
  21  2:03  Metabolic Boost  
  21  2:08  Drone  
  22  2:10  Drone  
  23  2:18  Queen  
  25  2:23  Overlord  
  25  2:26  Drone  
  25  2:29  Drone  
  27  2:36  Drone  
  28  2:41  Queen  
  28  2:43  Drone  
  28  2:44  Drone  
  32  2:49  Drone  
  33  2:54  Queen  
  33  2:57  Drone  
  36  3:01  Queen  
  36  3:05  Overlord  
  38  3:07  Drone  
  38  3:09  Drone  
  40  3:13  Drone x2  
  40  3:18  Overlord  
  42  3:21  Overlord  
  42  3:23  Drone  
  43  3:29  Drone, Queen  
  43  3:31  Drone  
  47  3:34  Drone  
  47  3:37  Overlord  
  48  3:42  Drone  
  48  3:44  Drone  
  50  3:48  Lair, Spore Crawler  
  50  3:50  Spore Crawler  
  50  3:51  Drone x2  
  50  3:52  Drone  
  50  3:53  Drone  
  52  4:03  Zergling x4  
  52  4:04  Overlord  
  52  4:05  Drone x3  
  52  4:07  Queen  
  59  4:10  Drone  
  59  4:11  Extractor  
  59  4:13  Drone x2  
  61  4:17  Drone x2  
  61  4:22  Overlord x2  
  63  4:29  Drone  
  63  4:30  Drone x2  
  65  4:33  Zergling x2  
  66  4:39  Queen, Overlord x2  
  66  4:42  Zergling x4  
  66  4:43  Zergling x2  
  71  4:50  Zergling x8  
  71  4:52  Zergling x4  
  77  4:58  Zergling x4  
  78  5:03  Nydus Network  
  78  5:04  Overseer  
  78  5:06  Queen  
  78  5:07  Queen  
  77  5:12  Overseer  
  81  5:14  Zergling x4  
  81  5:15  Zergling x4  
  81  5:17  Queen  
  81  5:19  Zergling x4  
  88  5:25  Zergling x6  
  88  5:27  Zergling x6  
  92  5:29  Zergling x2  
  92  5:35  Zergling x12  
  94  5:40  Zergling x2  
  94  5:41  Zergling x2  
  94  5:42  Queen  
  97  5:53  Zergling x2  
  97  5:54  Overlord  
  98  6:03  Nydus Canal  
  98  6:08  Zergling x6  
  98  6:10  Overlord  
  97  6:11  Overlord  
  97  6:12  Overlord  
  97  6:13  Zergling x12  
  97  6:16  Zergling x2  
  97  6:18  Zergling x2  
  103  6:22  Nydus Canal  
  103  6:26  Zergling x4  
  103  6:28  Spore Crawler x3  
  103  6:29  Spore Crawler  
  103  6:30  Zergling x2  
  103  6:31  Queen  
  103  6:33  Queen  
  103  6:34  Baneling Nest  
  103  6:35  Queen  
  103  6:38  Zergling x2  
  103  6:39  Zergling x2  
  108  6:46  Zergling x12  
  109  6:48  Zergling x2  
  107  6:55  Zergling x6  
  107  7:01  Zergling x8  
  104  7:05  Zergling x6  
  104  7:06  Queen  
  103  7:10  Nydus Canal  
  103  7:13  Queen  
  103  7:14  Zergling x4  
  103  7:15  Zergling x2  
  105  7:16  Zergling x2  
  105  7:22  Baneling x6  
  102  7:26  Zergling x2  
  102  7:29  Zergling x2  
Tags
 
Add a new tag
Caveats
  • Supply blocks, unpowered buildings, or Contaminate may cause inaccurate times.
  • Supply counts are checked every 10 seconds.